 Dungeon Crawl Stone Soup version 0.21-a0-372-gd0ff781 (webtiles) character file.

172 KristoblXynda the Charlatan (level 5, -3/42 HPs)
             Began as a Hill Orc Artificer on Oct 16, 2017.
             Slain by a worm (10 damage)
             ... on level 3 of the Dungeon.
             The game lasted 00:07:06 (3448 turns).

KristoblXynda the Charlatan (Hill Orc Artificer)    Turns: 3448, Time: 00:07:06

Health: -3/42      AC:  5    Str: 16    XL:     5   Next: 53%
Magic:  8/8        EV: 11    Int: 11    God:
Gold:   111        SH:  0    Dex: 11    Spells: 4/4 levels left

rFire    . . .     SeeInvis +   t - +0 hand axe
rCold    . . .     Gourm    .   (no shield)
rNeg     . . .     Faith    .   j - +0 ring mail
rPois    +         Spirit   .   (no helmet)
rElec    .         Reflect  .   (no cloak)
rCorr    .         Harm     .   (no gloves)
MR       .....                  (no boots)
Stlth    +.........             (no amulet)
HPRegen  0.14/turn              h - ring of see invisible
MPRegen  0.11/turn              b - ring of poison resistance

@: no status effects
A: no striking features
a: no special abilities


You were on level 3 of the Dungeon.
You were hungry.

You visited 1 branch of the dungeon, and saw 3 of its levels.

You collected 111 gold pieces.

Inventory:

Hand Weapons
 t - a +0 hand axe (weapon)
 v - a +1 whip of flaming
Armour
 j - a +0 ring mail (worn)
Jewellery
 b - a ring of poison resistance (right hand)
 h - a ring of see invisible (left hand)
 r - an uncursed amulet of guardian spirit {unknown}
Wands
 c - a wand of flame (12/48)
 d - a wand of enslavement (15/24)
 e - a wand of random effects (11/48)
 u - a wand of flame (26/48)
Scrolls
 g - a scroll of magic mapping
 l - a scroll of amnesia
 q - a scroll of immolation
Potions
 i - a potion of lignification
 k - a potion of resistance {unknown}
 m - a potion of brilliance {unknown}
 w - a potion of curing {unknown}
Books
 a - a book of Misfortune

   Spells                             Type                      Level
   a - Confusing Touch                Hexes                        1
   b - Confuse                        Hexes                        3
   c - Gell's Gravitas                Translocation                3
   d - Petrify                        Transmutation/Earth          4
   e - Metabolic Englaciation         Hexes/Ice                    5
   f - Yara's Violent Unravelling     Hexes/Transmutation          5
Comestibles
 f - 4 bread rations
 o - 3 royal jellies


   Skills:
 - Level 2.3 Fighting
   Level 1.0 Short Blades
 + Level 2.4(2.6) Axes
 - Level 0.6(1.4) Maces & Flails
 + Level 2.5 Armour
 - Level 2.0 Dodging
 - Level 0.7 Stealth
 + Level 4.2 Evocations


You had 4 spell levels left.
You didn't know any spells.

Dungeon Overview and Level Annotations

Branches:
Dungeon (3/15)

Altars:


Message History

The gnoll is severely wounded.
The gnoll hits you with a halberd.
* * * LOW HITPOINT WARNING * * *
Your ring mail prevents you from hitting the gnoll.
The gnoll is severely wounded.
The gnoll hits the gnoll with a halberd!
The gnoll is killed!
You barely miss the gnoll.
The gnoll is severely wounded.
The gnoll barely misses you.
Unknown command.
You hit the gnoll.
The gnoll is almost dead.
The gnoll barely misses you.
You slash the gnoll!
You kill the gnoll!
You slash the worm!
The worm is heavily wounded.
The worm bites you!
You die...

... .##. ... ...
.. ... ....#
#..# .#.# #..#
))# #..# #w#
#..# #@# #..#
...####(# #..#
........#####..#
...............#
###
.#.####.####.[)#
.. .. #.# #..)#
## ..# #.))# .##
#### #...#######
... #.........#


You could see a worm.

Vanquished Creatures
  An orc wizard (D:3)
  4 gnolls (D:3)
  5 adders
  3 dart slugs
  A leopard gecko (D:3)
  4 orcs (D:3)
  11 bats
  4 giant cockroaches
  5 goblins
  3 hobgoblins (D:1)
  5 jackals (D:2)
  2 frilled lizards (D:1)
  10 kobolds
  5 rats
63 creatures vanquished.

Vanquished Creatures (others)
  7 toadstools (D:1)
7 creatures vanquished.

Grand Total: 70 creatures vanquished

Notes
Turn   | Place    | Note
-------+----------+-------------------------------------------
     0 | D:1      | KristoblXynda the Hill Orc Artificer began the quest for the Orb.
     0 | D:1      | Reached XP level 1. HP: 16/16 MP: 3/3
   145 | D:1      | Reached XP level 2. HP: 12/24 MP: 4/4
   862 | D:1      | Reached XP level 3. HP: 18/29 MP: 5/5
  1247 | D:2      | Reached skill level 1 in Armour
  1895 | D:2      | Reached XP level 4. HP: 37/37 MP: 6/6
  2433 | D:2      | Reached skill level 1 in Axes
  3111 | D:3      | Reached skill level 4 in Evocations
  3121 | D:3      | Reached XP level 5. HP: 13/42 MP: 8/8
  3448 | D:3      | Slain by a worm

Vault maps used:
D:1:      nagdon_arrival_double_spiral
D:2:      first_bread
D:3:      grunt_ministairs_9, nicolae_gozag_cash_rules_everything_around_me,
          uniq_terence, uniq_ijyb

Skill      XL: |  1  2  3  4 |
---------------+-------------+-----
Fighting       | 2 |  2.3
Dodging        | 2 |  2.0
Armour         | 1 2 |  2.5
Axes           | 2 |  2.4
Evocations     | 4 |  4.2
Short Blades   | |  1.0
Maces & Flails | |  0.6
Stealth        | |  0.7

Action                   |  1- 3 |  4- 6 || total
-------------------------+-------+-------++-------
Melee: Short sword       |   136 |       ||   136
       Whip              |    49 |       ||    49
       Hand axe          |     7 |   106 ||   113
Evoke: Wand              |     2 |     5 ||     7
  Use: Scroll            |     2 |     4 ||     6
       Potion            |     1 |     1 ||     2
 Stab: Confused          |       |     1 ||     1
  Eat: Chunk             |     3 |     2 ||     5
       Royal jelly       |       |     1 ||     1
       Fruit             |       |     1 ||     1
Armor: Leather armour    |    19 |       ||    19
       Ring mail         |    62 |    53 ||   115
       Skin              |    20 |       ||    20
Dodge: Dodged            |   143 |    91 ||   234

Table legend:
 A = Spawn XP
 B = Non-spawn XP
 C = Spawn XP percentage of total XP
 D = Spawn monster count
 E = Non-spawn monster count
 F = Spawn count percentage of total count
 G = Total turns spent on level
                    A         B        C        D         E        F      G
               +---------+---------+-------+---------+---------+-------+---------
         Total |       0 |     247 |   0.0 |       0 |      63 |   0.0 |  3448
               +---------+---------+-------+---------+---------+-------+---------
           D:1 |       0 |      45 |   0.0 |       0 |      26 |   0.0 |  1140
           D:2 |       0 |      88 |   0.0 |       0 |      24 |   0.0 |  1926
           D:3 |       0 |     114 |   0.0 |       0 |      13 |   0.0 |   382
               +---------+---------+-------+---------+---------+-------+---------
